cohdb
Replays
Latest Replays
All Replays
Popular Replays
Top Player Replays
Match Explorer
How It Works
Community
CoH3 Stats
Reddit
Sign in to upload your games and track your stats! →
Sign in with Steam
Match 47073878
Unlisted
Match 47073878
Overview
Messages
Build Orders
End
Kradschützen Motorcycle Team
Panzerpioneer Squad
Selects Italian Infantry
250 Light Carrier
Construct Light Support Kompanie
Assault Grenadier Squad
Combat Half-tracks
Construct Mechanized Kompanie
Selects Guastatori Squad
Guastatori Squad
8 Rad Armored Car
Panzerjäger Mechanized Group
Panzerjäger Squad
Marder III Tank Destroyer
Construct Panzerarmee Kommand
Panzer III L Medium Tank
Emergency Repair Kits
Selects L6/40 Light Tank Combat Group
Selects Towed Cannone da 105/28 Field Howitzer
Armored Reserves
Vehicle Survival Package
2.5-tonne Medical Truck
Tiger Heavy Tank
Goodvyn
Muad'Dib
0
0
Comments
sign in to comment!
No comments posted yet!